 Dungeon Crawl Stone Soup version 0.21.1-1-g345015f (webtiles) character file.

98 Fang the Covered (level 4, -1/29 HPs)
             Began as a Gargoyle Fighter on May 8, 2018.
             Slain by a goblin
             ... wielding a +0 club
             ... led by Robin
              (3 damage)
             ... on level 3 of the Dungeon.
             The game lasted 00:03:22 (1668 turns).

Fang the Covered (Gargoyle Fighter)                 Turns: 1668, Time: 00:03:23

Health: -1/29      AC: 10    Str: 20    XL:     4   Next: 69%
Magic:  4/4        EV:  7    Int:  9    God:
Gold:   100        SH:  9    Dex:  9    Spells: 3/3 levels left

rFire    . . .     SeeInvis .   s - -3 spear (curse)
rCold    . . .     Gourm    .   c - +0 shield
rNeg     + . .     Faith    .   b - +0 scale mail
rPois    ∞         Spirit   .   (no helmet)
rElec    +         Reflect  .   (no cloak)
rCorr    .         Harm     .   (no gloves)
MR       .....                  (no boots)
Stlth    ..........             (no amulet)
HPRegen  0.09/turn              (no ring)
MPRegen  0.09/turn              (no ring)

@: no status effects
A: negative energy resistance 1, electricity resistance, unbreathing,
petrification resistance, rot immunity, AC +3
a: no special abilities


You were on level 3 of the Dungeon.
You were very hungry.

You visited 1 branch of the dungeon, and saw 3 of its levels.

You collected 100 gold pieces.

Inventory:

Hand Weapons
 a - a +0 war axe
 s - a cursed -3 spear (weapon)
Armour
 b - a +0 scale mail (worn)
 c - a +0 shield (worn)
Jewellery
 l - an uncursed ring of flight {unknown}
Wands
 r - a wand of iceblast (9)
Scrolls
 e - 3 scrolls of identify {unknown}
 h - a scroll of remove curse {unknown}
 i - a scroll of enchant armour {unknown}
 j - a scroll of immolation {unknown}
 k - 2 scrolls of blinking {unknown}
 p - 2 scrolls of fog {unknown}
 t - a scroll of magic mapping {unknown}
Potions
 d - a potion of might
 g - a potion of heal wounds {unknown}
 m - a potion of lignification {unknown}
 n - a potion of invisibility {unknown}
 o - 2 potions of curing {unknown}
 q - a potion of ambrosia {unknown}
 u - a potion of agility {unknown}
Comestibles
 f - 4 rations


   Skills:
 + Level 3.6 Fighting
 + Level 2.7 Axes
 + Level 0.3(1.7) Polearms
 + Level 4.0 Armour
 + Level 0.7 Dodging
 + Level 0.1 Stealth
 + Level 3.9 Shields


You had 3 spell levels left.
You didn't know any spells.

Dungeon Overview and Level Annotations

Branches:
Dungeon (3/15)

Altars:
Vehumet

Annotations:
D:3 Robin


Innate Abilities, Weirdness & Mutations

You are resistant to torment.
Your stone body is resilient. (AC +3)
You are immune to poison.
You resist negative energy. (rN+)
You are resistant to electric shocks. (rElec)
You can survive without breathing.
You are immune to petrification.
You are immune to rotting.


Message History

You kill the hobgoblin!
You block the goblin's attack. The goblin hits you with a club.
* * * LOW HITPOINT WARNING * * *
The goblin closely misses you.
Unknown command.
You hit the hobgoblin.
The hobgoblin is severely wounded.
The goblin no longer looks unusually strong.
You block the hobgoblin's attack. You block the goblin's attack.
Robin roars a battlecry!
The goblins go into a battle-frenzy!
The goblin hits you with a club.
* * * LOW HITPOINT WARNING * * *
The goblin barely misses you.
Unknown command.
You closely miss the hobgoblin.
The hobgoblin is severely wounded.
You block the hobgoblin's attack.
The goblin hits you but does no damage. x2
The goblin hits you with a club.
You die...

.. #.# ## #.# ...
#.# .... #.#
..... #.#
.....g##g###.###
.....gg@g......>
......##g######
########'########
#.....÷.....##
#......(<....#
#............#
####'#######.#
#.# #.# #.# #.#


You could see Robin, a hobgoblin and 4 goblins.

Vanquished Creatures
  4 adders
  2 worms (D:2)
  3 bats
  3 giant cockroaches
  9 goblins
  5 hobgoblins
  8 jackals
  3 ball pythons (D:1)
  4 frilled lizards
  7 kobolds
  6 rats
54 creatures vanquished.

Vanquished Creatures (others)
  A jackal (D:2)
1 creature vanquished.

Grand Total: 55 creatures vanquished

Notes
Turn   | Place    | Note
-------+----------+-------------------------------------------
     0 | D:1      | Fang the Gargoyle Fighter began the quest for the Orb.
     0 | D:1      | Reached XP level 1. HP: 14/14 MP: 1/1
   172 | D:1      | Reached XP level 2. HP: 13/19 MP: 2/2
   769 | D:2      | Reached XP level 3. HP: 13/23 MP: 3/3
   968 | D:2      | Reached XP level 4. HP: 20/28 MP: 4/4
  1262 | D:2      | Found a radiant altar of Vehumet.
  1463 | D:3      | Reached skill level 4 in Armour
  1650 | D:3      | Noticed Robin
  1668 | D:3      | Slain by a goblin

Skill      XL: |  1  2  3  4 |
---------------+-------------+-----
Axes           | 2 |  2.7
Armour         | 4 |  4.0
Fighting       | |  3.6
Polearms       | |  0.3
Dodging        | |  0.7
Stealth        | |  0.1
Shields        | |  3.9

Action                   |  1- 3 |  4- 6 || total
-------------------------+-------+-------++-------
Melee: War axe           |   127 |    18 ||   145
       Spear             |       |   107 ||   107
  Eat: Chunk             |       |     2 ||     2
Armor: Scale mail        |    81 |    63 ||   144
Dodge: Dodged            |    63 |    39 ||   102
Block: Shield            |   102 |    41 ||   143
